 Dungeon Crawl Stone Soup version 0.29.1-1-gd02db69 (webtiles) character file.

Game seed: 15176699914297188860

888 Kel the Cleaver (level 8, -2/46 HPs)
             Began as a Gargoyle Berserker on Nov 25, 2022.
             Was a Believer of Trog.
             Splashed by a jelly's acid (8 damage)
             ... on level 5 of the Dungeon.
             The game lasted 00:06:51 (5115 turns).

Kel the Cleaver (Gargoyle Berserker)                Turns: 5115, Time: 00:06:51

Health: -2/46      AC:  1    Str: 23    XL:     8   Next: 6%
Magic:  0/8        EV: 11    Int:  8    God:    Trog [**....]
Gold:   143        SH:  0    Dex:  9    Spells: 7/7 levels left

rFire   . . .      SeeInvis .   a - +0 hand axe
rCold   . . .      Faith    .   (no shield)
rNeg    + . .      Spirit   +   w - +0 ring mail
rPois   ∞          Reflect  .   k - +0 helmet
rElec   +          Harm     .   (no cloak)
rCorr   .          Rampage  .   (no gloves)
Will    .....      Rnd*Tele +   h - +0 pair of boots
Stlth   ..........              s - amulet of guardian spirit
HPRegen 0.15/turn               (no ring)
MPRegen 0.11/turn               (no ring)

@: corroded, on berserk cooldown, slowed, very slow
A: sickness immunity, AC +5, negative energy resistance 1, electricity
resistance, torment resistance 1, petrification resistance, screaming 1,
teleportitis 1
a: Renounce Religion, Berserk, Trog's Hand


You were on level 5 of the Dungeon.
You worshipped Trog.
Trog was pleased with you.
You visited 1 branch of the dungeon, and saw 5 of its levels.
You also visited: Sewer.

You collected 143 gold pieces.

Inventory:

Hand Weapons
 a - a +0 hand axe (weapon)
Armour
 h - a +0 pair of boots (worn)
 k - a +0 helmet (worn)
 w - a +0 ring mail (worn)
Jewellery
 s - an amulet of guardian spirit (around neck)
Scrolls
 d - a scroll of enchant weapon {unknown}
 e - 2 scrolls of fog {unknown}
 f - a scroll of summoning {unknown}
 g - 2 scrolls of fear
 m - 3 scrolls of vulnerability {unknown}
 o - 3 scrolls of identify {unknown}
 p - a scroll of enchant armour {unknown}
 q - 2 scrolls of teleportation {unknown}
 r - a scroll of noise {unknown}
Potions
 b - 3 potions of mutation
 c - a potion of brilliance {unknown}
 i - a potion of magic {unknown}
 j - 3 potions of lignification {unknown}
 l - a potion of might
 n - a potion of heal wounds {unknown}
 t - 2 potions of haste {unknown}
 u - a potion of berserk rage {unknown}
 v - 3 potions of curing {unknown}
 x - a potion of invisibility {unknown}


   Skills:
 - Level 3.2 Fighting
 + Level 8.6 Axes
 - Level 2.1 Armour
 - Level 1.5 Dodging


You had 7 spell levels left.
You didn't know any spells.
Your spell library was empty.

Dungeon Overview and Level Annotations

Branches:
Dungeon (5/15)             Temple (0/1) D:4           Sewer (visited)

Altars:
Qazlal
Ru
Wu Jian
Yredelemnul
Zin
The Shining One

Shops:
D:1 (   D:2 *?(   D:4 (:*=


Innate Abilities, Weirdness & Mutations

You are immune to sickness and miasma.
Your stone body is resilient. (AC +5)
You are immune to poison.
You resist negative energy. (rN+)
You are resistant to electric shocks. (rElec)
You are resistant to unholy torment.
You are immune to petrification.
You occasionally shout uncontrollably at your foes.
You are occasionally teleported next to monsters.


Message History

You feel strangely unstable.
You are yanked towards a nearby monster!
Your surroundings suddenly seem different.
A hound comes into view.
The hound barks!
The hound barely misses you.
A hound is nearby!
A hound is nearby!
A hound is nearby!
You closely miss the hound. The hound bites you.
You closely miss the hound. The hound bites you.
A jelly comes into view.
The hound misses you.
You closely miss the hound.
The hound bites you but does no damage. x2
You closely miss the hound. The hound bites you but does no damage.
The hound bites you.
You hit the hound.
The hound is lightly wounded.
You completely miss the jelly. The hound barely misses you.
The jelly hits you but does no damage. The hound bites you but does no damage.
You barely miss the hound.
The hound is lightly wounded.
You hit the jelly. The acid corrodes you!
Your hands burn!
The hound bites you but does no damage. The jelly closely misses you.
The hound bites you.
You hit the hound.
The hound is heavily wounded.
You barely miss the jelly. The jelly closely misses you.
The hound bites you. x2
* * * LOW HITPOINT WARNING * * *
The jelly closely misses you.
You hit the hound.
The hound is heavily wounded.
You hit the jelly. The acid corrodes you!
Your hands burn!
* * * LOW HITPOINT WARNING * * *
The hound bites you.
* * * LOW HITPOINT WARNING * * *
The jelly hits you.
* * * LOW HITPOINT WARNING * * *
The acid corrodes you!
You are splashed with acid!
You die...

#########
#@.......
#..hJ..#####
#......#
#........
##.....#.#
#.....#.#
.##.### # ..
...


You could see a hound and a jelly.

Vanquished Creatures
  Pikel (D:5)
  A water moccasin (Sewer)
  A phantom (D:4)
  2 lemures (D:5)
  2 hounds (D:4)
  2 iguanas (D:4)
  Robin (D:2)
  6 adders
  A worm (D:3)
  A dart slug (D:1)
  7 orcs (D:4)
  2 ball pythons
  3 bats
  4 endoplasms (D:1)
  5 giant cockroaches
  11 goblins
  8 hobgoblins
  3 jackals (D:4)
  A quokka (D:1)
  4 frilled lizards
  9 kobolds
  A rat (D:1)
76 creatures vanquished.

Notes
Turn   | Place    | Note
-------+----------+-------------------------------------------
     0 | D:1      | Kel the Gargoyle Berserker began the quest for the Orb.
     0 | D:1      | Reached XP level 1. HP: 14/14 MP: 1/1
   112 | D:1      | Reached skill level 3 in Axes
   365 | D:1      | Reached XP level 2. HP: 15/19 MP: 2/2
  1208 | D:1      | Reached XP level 3. HP: 20/23 MP: 3/3
  1381 | D:1      | Found Waucvycue's Weapon Boutique.
  1614 | D:2      | Noticed Robin
  1618 | D:2      | Reached skill level 4 in Axes
  1621 | D:2      | Reached ** piety under Trog
  1629 | D:2      | Killed Robin
  1977 | D:2      | Found Ynaaledd's Antique Weapon Emporium.
  2068 | D:2      | Reached XP level 4. HP: 27/28 MP: 4/4
  2315 | D:2      | Found a faded altar of an unknown god.
  2316 | D:2      | Found Foatur's Magic Scroll Boutique.
  2482 | D:2      | Found Coejiogu's General Store.
  2700 | D:3      | Found a glowing drain.
  2938 | Sewer    | Entered a sewer
  2966 | Sewer    | Noticed a water moccasin
  2987 | Sewer    | Killed a water moccasin
  2988 | Sewer    | Reached skill level 5 in Axes
  2988 | Sewer    | Reached XP level 5. HP: 13/32 MP: 5/5
  3479 | D:4      | Reached skill level 6 in Axes
  3479 | D:4      | Reached XP level 6. HP: 37/37 MP: 4/6
  3697 | D:4      | Found a staircase to the Ecumenical Temple.
  3714 | D:4      | Found an ornate altar of the Wu Jian Council.
  3898 | D:4      | Found Soxzoh's Assorted Antiques.
  3902 | D:4      | Found Dotofiyr's Jewellery Shoppe.
  3905 | D:4      | Found Adghitoyrph's Book Shoppe.
  3908 | D:4      | Found Ibyvvada's Antique Weapon Shoppe.
  3956 | D:4      | Identified the +5 mace "Qupt" {antimagic, *Rage rN+ Dex+2}
  4220 | D:4      | Found a stormy altar of Qazlal.
  4227 | D:4      | Found a sacrificial altar of Ru.
  4230 | D:4      | Found a glowing golden altar of the Shining One.
  4230 | D:4      | Found a glowing silver altar of Zin.
  4239 | D:4      | Found a basalt altar of Yredelemnul.
  4249 | D:4      | Gained mutation: You occasionally shout uncontrollably at
                  | your foes. [potion of mutation]
  4249 | D:4      | Gained mutation: You are occasionally teleported next to
                  | monsters. [potion of mutation]
  4675 | D:4      | Reached skill level 7 in Axes
  4675 | D:4      | Reached XP level 7. HP: 26/41 MP: 3/7
  5070 | D:5      | Entered Level 5 of the Dungeon
  5078 | D:5      | Noticed Pikel
  5094 | D:5      | Killed Pikel
  5095 | D:5      | Reached skill level 8 in Axes
  5095 | D:5      | Reached XP level 8. HP: 37/46 MP: 2/8
  5115 | D:5      | Splashed by a jelly's acid

Illustrated notes

Levels and vault maps discovered:
D:1:      minmay_arrival_hallway, layout_loops_ring, serial_shops, shop_statue,
          minivault_23
D:2:      layout_basic, basic_ecumenical_altar, serial_shops, shop, shop,
          nicolae_shop_behind_doors, uniq_robin
D:3:      layout_basic, gup_sewer_entry_glass
D:4:      layout_loops_ring, nicolae_overflow_hallway_of_the_gods,
          nicolae_wu_jian_wuxing_cycle, minmay_temple_entry_statues_pillars,
          minmay_shop_grid_forest
D:5:      layout_loops_ring, nicolae_ashenzari_panopticon, columned_hall_lemuel,
          uniq_pikel, uniq_eustachio

Skill      XL: |  1  2  3  4  5  6  7 |
---------------+----------------------+-----
Axes           | 3 4 5 6 7 8 |  8.6
Fighting       | |  3.2
Armour         | |  2.1
Dodging        | |  1.5

Action                   |  1- 3 |  4- 6 |  7- 9 || total
-------------------------+-------+-------+-------++-------
Melee: Hand axe          |    93 |   168 |    32 ||   293
       Mace              |       |    24 |       ||    24
Invok: Berserk           |       |       |     1 ||     1
  Use: Scroll            |       |     1 |       ||     1
       Potion            |       |     1 |       ||     1
Armor: Leather armour    |    32 |    50 |       ||    82
       Ring mail         |       |    54 |    20 ||    74
Dodge: Dodged            |    45 |   137 |    20 ||   202
